 Dungeon Crawl Stone Soup version 0.16.2-12-gd0ad4c3 (webtiles) character file.

37421 faibistes the Thaumaturge (level 13, -4/76 HPs)
             Began as a Deep Elf Wizard on Jan 1, 2018.
             Was the Champion of Sif Muna.
             Slain by a hippogriff (6 damage)
             ... on level 8 of the Lair of Beasts.
             The game lasted 01:44:32 (27536 turns).

faibistes the Thaumaturge (Deep Elf Wizard)        Turns: 27536, Time: 01:44:33

Health: -4/76      AC:  8    Str:  4    XL:     13   Next: 58%
Magic:  33/52      EV: 21    Int: 32    God:    Sif Muna [******]
Gold:   1054       SH:  0    Dex: 13    Spells: 12 memorised, 7 levels left

rFire  x . .     SeeInvis .     w - +4 long sword of Tril {slice, rPois rF- MP+9 Int+3}
rCold  . . .     Clarity  .     A - +2 robe {MR+}
rNeg   . . .     SustAb   .     (no shield)
rPois  +         Gourm    .     e - +1 hat
rElec  .         Spirit   .     (no cloak)
rCorr  +         Warding  .     n - +2 pair of gloves
rMut   .         Stasis   .     (no boots)
MR     ++...                    b - amulet of resist corrosion
Stlth  ++........               Q - ring of magical power
                                M - +4 ring of evasion

@: lethally poisoned (-4 -> -5), regenerating, repel missiles, very resistant to
hostile enchantments, unstealthy
A: no striking features
a: Channel Energy, Forget Spell, Renounce Religion


You were on level 8 of the Lair of Beasts.
You worshipped Sif Muna.
Sif Muna was exalted by your worship.
You were not hungry.

You visited 3 branches of the dungeon, and saw 21 of its levels.

You collected 1054 gold pieces.

Inventory:

Hand weapons
 c - the -2 morningstar of the End of Times {freeze, Noisy rElec MR+ Str+4 Stlth-}
   (You found it on level 3 of the Lair of Beasts)

   It has been specially enchanted to freeze those struck by it, causing extra
   injury to most foes and up to half again as much damage against particularly
   susceptible opponents.
   It can also slow down cold-blooded creatures.
   It affects your strength (+4).
   It insulates you from electricity.
   It affects your resistance to hostile enchantments.
   It may make noises in combat.
   It makes you less stealthy.
 w - the +4 long sword of Tril (weapon) {slice, rPois rF- MP+9 Int+3}
   (You found it on level 1 of the Lair of Beasts)

   It inflicts extra damage upon your enemies.
   It affects your intelligence (+3).
   It makes you vulnerable to fire.
   It protects you from poison.
   It affects your magic capacity (+9).
 F - a +7 dagger of venom
 W - a +4 spear of freezing
Armour
 e - a +1 hat (worn)
 n - a +2 pair of gloves (worn)
 A - a +2 robe of magic resistance (worn)
Magical staves
 a - an uncursed staff of air
Jewellery
 b - an amulet of resist corrosion (around neck)
 s - an uncursed ring of sustain abilities
 M - a +4 ring of evasion (left hand)
 Q - a ring of magical power (right hand)
 T - an uncursed ring of ice
Magical devices
 v - a wand of slowing (24)
 G - a wand of flame (32)
 H - a wand of lightning (0)
 I - a wand of paralysis (10)
 V - a wand of draining (11)
 X - a wand of confusion (18)
Scrolls
 g - 2 scrolls of enchant armour
 m - 5 scrolls of remove curse
 p - a scroll of teleportation
 q - 4 scrolls of recharging
 x - a scroll of amnesia
 y - 2 scrolls of fog
 S - 2 scrolls of immolation
Potions
 j - 3 potions of flight
 k - 2 potions of brilliance
 l - 3 potions of haste
 o - 6 potions of curing
 r - a potion of resistance {unknown}
 t - 4 potions of heal wounds
 u - a potion of agility
 z - 3 potions of magic
 C - 3 potions of restore abilities
 D - a potion of lignification {unknown}
 E - a potion of invisibility {unknown}
 K - 2 potions of might
 L - a potion of degeneration {unknown}
Books
 f - Puveon's Volume of Gliding Good Luck
   (Sif Muna gifted it to you on level 3 of the Lair of Beasts)

   Spells                             Type                      Level
   a - Repel Missiles                 Charms/Air                   2
   b - Ozocubu's Armour               Charms/Ice                   3
   c - Haste                          Charms                       6
   d - Tornado                        Air                          9
 h - a book of Party Tricks

   Spells                             Type                      Level
   a - Summon Butterflies             Summoning                    1
   b - Apportation                    Translocation                1
   c - Tukima's Dance                 Hexes                        3
   d - Alistair's Intoxication        Transmutation/Poison         4
   e - Invisibility                   Hexes                        6
 i - a Fen Folio

   Spells                             Type                      Level
   a - Corpse Rot                     Necromancy                   2
   b - Stone Arrow                    Conjuration/Earth            3
   c - Leda's Liquefaction            Hexes/Earth                  4
   d - Summon Forest                  Summoning/Translocation      5
   e - Hydra Form                     Transmutation                6
   f - Summon Hydra                   Summoning                    7
 U - an Akashic Record {highlevel, unknown}

   This book is beyond your current level of understanding.

   Spells                             Type                      Level
   a - Dispersal                      Translocation                6
   b - Controlled Blink               Translocation                7
   c - Malign Gateway                 Summoning/Translocation      7
   d - Disjunction                    Translocation                8
   e - Singularity                    Translocation                9
Miscellaneous
 P - a lamp of fire
Comestibles
 d - 12 bread rations
 B - 9 meat rations
 N - 3 slices of pizza
 O - 28 fruits
 R - 3 beef jerkies


   Skills:
 + Level 6.8 Fighting
 + Level 9.6 Dodging
 - Level 2.4 Stealth
 * Level 14.8 Spellcasting
 + Level 7.5 Conjurations
 + Level 7.0 Charms
 - Level 5.0 Summonings
 + Level 5.5 Translocations
 * Level 6.6 Fire Magic
 - Level 3.0 Ice Magic
 - Level 5.0 Air Magic
 * Level 6.3 Earth Magic
 - Level 3.2 Poison Magic
 * Level 7.3 Invocations
 + Level 6.3 Evocations


You had 7 spell levels left.
You knew the following spells:

 Your Spells              Type           Power        Failure   Level  Hunger
a - Magic Dart            Conj           ####         1%          1    None
b - Conjure Flame         Conj/Fire      ######..     1%          3    None
c - Summon Ice Beast      Ice/Summ       #####...     4%          4    None
d - Blink                 Tloc           N/A          1%          2    None
e - Mephitic Cloud        Conj/Pois/Air  ######..     1%          3    None
f - Repel Missiles        Chrm/Air       ######       1%          2    None
g - Shroud of Golubria    Chrm/Tloc      ######....   1%          2    None
h - Regeneration          Chrm/Necr      #####.....   1%          3    None
j - Call Imp              Summ           ######..     1%          2    None
l - Summon Lightning Spi  Summ/Air       ######..     2%          4    None
r - Leda's Liquefaction   Hex/Erth       #####.....   8%          4    None
x - Sticky Flame          Conj/Fire      ######..     1%          4    None


Dungeon Overview and Level Annotations

Branches:
Dungeon (12/15)            Temple (1/1) D:7            Lair (8/8) D:11
 Shoals (0/5) Lair:6        Snake (0/5) Lair:5          Orc (0/4) D:9
  Slime: Lair:6-8

Altars:
Ashenzari
Cheibriados
Dithmenos
Elyvilon
Fedhas
Gozag
Kikubaaqudgha
Makhleb
Nemelex Xobeh
Okawaru
Qazlal
Ru
Sif Muna
Trog
Vehumet
Xom
Yredelemnul
Zin
The Shining One

Shops:
D:9 [   D:10 }

Annotations:
D:11 2 runed doors


Message History

Aim: an eight-headed hydra (flame, severely wounded)
The sticky flame hits the eight-headed hydra.
The eight-headed hydra is severely wounded.
The eight-headed hydra is covered in liquid flames!
The eight-headed hydra burns!
The eight-headed hydra is engulfed in roaring flames.
The eight-headed hydra closely misses you.
The eight-headed hydra bites you! x2
The eight-headed hydra misses you.
The eight-headed hydra closely misses you.
The eight-headed hydra completely misses you.
The eight-headed hydra misses you.
The eight-headed hydra barely misses you.
The spiny frog completely misses you. The spiny frog stings you!
* * * LOW HITPOINT WARNING * * *
You are poisoned.
The spiny frog poisons you! The hippogriff bites you!
* * * LOW HITPOINT WARNING * * *
The hippogriff pecks you.
You die...

. .#. #.. ## ..
..# #..... ... #
#....#.#.. ..
.........##.#
..#.........##
......⌠.H.⌠...#..
.......F@F.......
..#...⌠.Dt⌠...#..
##....§.....#
.......§.##.!..
.....##§#. $.#
.... ..... . ##
..... #+###.


You could see an eight-headed hydra (burning), a hippogriff, 2 spiny frogs and a
crocodile.

Vanquished Creatures
  4 hydras
  2 death yaks (Lair:6)
  A hill giant (D:11)
  A griffon (Lair:6)
  An ugly thing (D:11)
  A centaur zombie (D:10)
  A siren (Lair:6)
  4 elephants
  3 black mambas
  Psyche (D:8)
  4 spiny frogs
  5 komodo dragons
  A merfolk (D:11)
  Prince Ribbit (D:6)
  A two-headed ogre (D:8)
  2 blink frogs (Lair:3)
  2 basilisks
  48 yaks
  A wraith (D:12)
  Eustachio (D:8)
  A steam dragon (D:10)
  6 hippogriffs
  A hungry ghost (D:10)
  Menkaure (D:5)
  2 ice beasts
  9 porcupines
  7 water moccasins
  A black bear (D:9)
  An orc warrior (D:6)
  6 ogres
  A boring beetle (Lair:5)
  12 centaurs
  Sigmund (D:7)
  Duvessa (D:4)
  17 crocodiles
  Blork the orc (D:8)
  2 lightning spires
  2 wyvern zombies
  A gnoll sergeant (D:5)
  6 scorpions
  4 yak zombies (D:9)
  6 wights
  12 giant frogs
  12 killer bees
  7 crimson imps
  9 electric eels
  2 goliath beetles
  Dowan (D:4)
  6 hounds
  A gnoll shaman (D:7)
  A jelly (D:11)
  2 giant frog skeletons
  2 centaur skeletons
  7 iguanas
  12 orc wizards
  5 orc priests
  2 worker ants (D:6)
  24 sheep
  A killer bee zombie (D:6)
  Ijyb (D:4)
  3 hound skeletons
  A mummy (D:8)
  Robin (D:5)
  11 gnolls
  13 river rats
  20 adders
  4 shadow imps
  A giant mite (D:6)
  A worm (D:3)
  An adder zombie (D:7)
  3 adder skeletons
  2 giant geckos
  48 orcs
  10 bats
  6 giant cockroaches
  30 goblins
  21 hobgoblins
  19 kobolds
  2 oozes
  14 quokkas
  A giant gecko skeleton (D:5)
  11 giant newts
  11 jackals
  A quokka zombie (D:5)
  14 rats
  A plant (Lair:7)
531 creatures vanquished.

Vanquished Creatures (collateral kills)
  Rupert (Lair:4)
  3 death yaks
  An ugly thing (D:11)
  5 elephants
  3 spiny frogs
  A komodo dragon (Lair:3)
  A freezing wraith (D:10)
  A fire drake (Lair:7)
  2 blink frogs (Lair:3)
  A water elemental (D:11)
  2 yaks (Lair:5)
  2 wraiths
  5 wolves (Lair:4)
  2 nagas (Lair:5)
  6 water moccasins
  The ghost of faibistes the Magician, an average DEWz (D:3)
  A necrophage (D:10)
  4 crocodiles
  A killer bee (D:5)
  A wight (D:10)
  An electric eel (D:11)
  A worker ant (D:12)
  3 sheep (Lair:1)
  18 river rats
  12 white imps (D:11)
  An orc (D:11)
  8 jackals
  A rat (D:3)
  2 fungi (Lair:6)
  A plant (D:11)
92 creatures vanquished.

Vanquished Creatures (others)
  6 ice beasts
  6 lightning spires
  9 fungi
  11 plants
32 creatures vanquished.

Grand Total: 655 creatures vanquished

Notes
Turn   | Place    | Note
--------------------------------------------------------------
     0 | D:1      | faibistes, the Deep Elf Wizard, began the quest for the Orb.
     0 | D:1      | Reached XP level 1. HP: 10/10 MP: 6/6
   374 | D:1      | Reached XP level 2. HP: 15/15 MP: 5/10
   409 | D:1      | Learned a level 2 spell: Blink
   412 | D:1      | Learned a level 2 spell: Call Imp
   673 | D:1      | Reached skill level 5 in Spellcasting
  1723 | D:2      | Reached XP level 3. HP: 19/19 MP: 7/14
  1731 | D:2      | Learned a level 3 spell: Conjure Flame
  1735 | D:2      | Learned a level 3 spell: Mephitic Cloud
  2894 | D:3      | Found an opulent altar of Gozag.
  2948 | D:3      | Reached XP level 4. HP: 24/24 MP: 10/17
  2952 | D:3      | Learned a level 2 spell: Repel Missiles
  3087 | D:3      | HP: 1/24 [goblin (3)]
  3602 | D:3      | Noticed faibistes' ghost (average DEWz)
  3650 | D:3      | Killed faibistes' ghost
  3650 | D:3      | Reached skill level 6 in Spellcasting
  3650 | D:3      | Reached XP level 5. HP: 8/28 MP: 7/20
  3896 | D:4      | Noticed Duvessa
  3896 | D:4      | Noticed Dowan
  3908 | D:4      | Killed Dowan
  3916 | D:4      | Killed Duvessa
  3916 | D:4      | Reached XP level 6. HP: 32/32 MP: 3/22
  4021 | D:5      | Entered Level 5 of the Dungeon
  4227 | D:4      | Reached skill level 7 in Spellcasting
  4337 | D:4      | Noticed Robin
  4478 | D:5      | Killed Robin
  4922 | D:3      | Reached skill level 1 in Fighting
  4922 | D:3      | Reached XP level 7. HP: 30/38 MP: 18/25
  5417 | D:4      | Noticed Ijyb
  5430 | D:4      | Killed Ijyb
  5451 | D:4      | Reached skill level 8 in Spellcasting
  5657 | D:4      | Found a sacrificial altar of Ru.
  5720 | D:4      | Noticed an ogre
  5727 | D:4      | Killed an ogre
  5727 | D:4      | Reached skill level 5 in Dodging
  5931 | D:4      | Noticed a crocodile
  5961 | D:4      | Killed a crocodile
  6196 | D:5      | Reached XP level 8. HP: 36/45 MP: 5/28
  6317 | D:5      | Reached skill level 9 in Spellcasting
  6831 | D:5      | Noticed Menkaure
  6850 | D:5      | Killed Menkaure
  7351 | D:6      | Reached skill level 10 in Spellcasting
  7401 | D:7      | Noticed Sigmund
  7414 | D:7      | Killed Sigmund
  7789 | D:7      | Noticed Prince Ribbit
  7907 | D:6      | Killed Prince Ribbit
  7907 | D:6      | Reached skill level 1 in Evocations
  7907 | D:6      | Reached XP level 9. HP: 33/53 MP: 12/30
  8379 | D:6      | Reached skill level 5 in Fighting
  8736 | D:7      | Found a sparkling altar of Nemelex Xobeh.
  9354 | D:7      | Reached skill level 11 in Spellcasting
 10043 | D:7      | Found a stormy altar of Qazlal.
 10200 | D:7      | Found a staircase to the Ecumenical Temple.
 10252 | Temple   | Entered the Ecumenical Temple
 10439 | Temple   | Became a worshipper of Sif Muna the Loreminder
 10771 | D:7      | Found a glowing golden altar of the Shining One.
 10842 | D:9      | Found a white marble altar of Elyvilon.
 10852 | D:9      | Learned a level 2 spell: Shroud of Golubria
 10869 | D:9      | Learned a level 3 spell: Regeneration
 10874 | D:10     | Entered Level 10 of the Dungeon
 11035 | D:11     | Noticed a brown ugly thing
 11149 | D:8      | Found a bloodstained altar of Trog.
 11198 | D:8      | Reached skill level 1 in Fire Magic
 11198 | D:8      | Reached skill level 1 in Air Magic
 11285 | D:8      | Found a bloodstained altar of Trog.
 11285 | D:8      | Noticed Blork the orc
 11307 | D:8      | Killed Blork the orc
 11396 | D:8      | Acquired Sif Muna's first power
 11396 | D:8      | Reached skill level 1 in Poison Magic
 11513 | D:9      | Reached XP level 10. HP: 59/59 MP: 19/32
 11938 | D:8      | Learned a level 4 spell: Summon Lightning Spire
 11943 | D:8      | Learned a level 4 spell: Summon Ice Beast
 12021 | D:8      | Noticed Eustachio
 12046 | D:8      | Killed Eustachio
 12046 | D:8      | Reached skill level 5 in Conjurations
 12237 | D:8      | Reached skill level 12 in Spellcasting
 12237 | D:8      | Reached skill level 1 in Ice Magic
 12364 | D:8      | Noticed Psyche
 12371 | D:8      | Killed Psyche
 12371 | D:8      | Acquired Sif Muna's second power
 13406 | D:9      | Found Qiyguall's Antique Armour Emporium.
 13533 | D:9      | Found a staircase to the Orcish Mines.
 13787 | D:10     | Reached skill level 1 in Invocations
 13851 | D:10     | Reached XP level 11. HP: 64/64 MP: 18/34
 14133 | D:10     | Noticed a centaur zombie
 14272 | D:10     | Killed a centaur zombie
 14272 | D:10     | Reached skill level 1 in Charms
 14542 | D:10     | Found Juiduone's Gadget Shoppe.
 15903 | D:11     | Found an iron altar of Okawaru.
 15912 | D:11     | Killed a brown ugly thing
 15951 | D:11     | Noticed a hill giant
 15962 | D:11     | Killed a hill giant
 15962 | D:11     | Reached skill level 5 in Summonings
 16040 | D:12     | Acquired Sif Muna's third power
 16498 | D:11     | Found a staircase to the Lair.
 16500 | D:11     | Noticed a komodo dragon
 16540 | D:11     | Killed a komodo dragon
 17147 | D:11     | Found a runed door.
 17153 | D:11     | Found a runed door.
 17162 | D:11     | Noticed a purple ugly thing
 17164 | D:11     | Reached skill level 13 in Spellcasting
 17182 | D:11     | Killed a purple ugly thing
 17182 | D:11     | Reached skill level 5 in Air Magic
 17199 | D:11     | Learned a level 4 spell: Leda's Liquefaction
 17576 | D:11     | Reached skill level 1 in Earth Magic
 17905 | Lair:1   | Entered Level 1 of the Lair of Beasts
 17929 | Lair:1   | Identified a scroll of acquirement
 17930 | Lair:1   | Identified Iskenderun's Tome of Damage Dealing and Flames (You acquired it on level 1 of the Lair of Beasts)
 17937 | Lair:1   | Learned a level 4 spell: Sticky Flame
 19052 | Lair:1   | Got a brightly glowing long sword
 19053 | Lair:1   | Identified the +4 long sword of Tril {slice, rPois rF- MP+9 Int+3} (You found it on level 1 of the Lair of Beasts)
 19387 | Lair:1   | Reached XP level 12. HP: 63/70 MP: 35/35
 20820 | Lair:3   | Noticed a five-headed hydra
 20832 | Lair:3   | Killed a five-headed hydra
 20893 | Lair:4   | Reached skill level 5 in Invocations
 21098 | Lair:3   | Reached skill level 5 in Evocations
 21221 | Lair:3   | Got a smoking morningstar
 21230 | Lair:3   | Identified the cursed -2 morningstar of the End of Times {freeze, Noisy rElec MR+ Str+4 Stlth-} (You found it on level 3 of the Lair of Beasts)
 21432 | Lair:3   | Reached skill level 5 in Fire Magic
 21689 | Lair:3   | Reached skill level 5 in Charms
 21780 | Lair:3   | Reached skill level 14 in Spellcasting
 21978 | Lair:3   | Received a gift from Sif Muna
 21979 | Lair:3   | Identified Puveon's Volume of Gliding Good Luck (Sif Muna gifted it to you on level 3 of the Lair of Beasts)
 22808 | Lair:4   | Reached skill level 5 in Translocations
 22815 | Lair:4   | Reached skill level 5 in Earth Magic
 23438 | Lair:4   | Noticed Rupert
 23459 | Lair:4   | Killed Rupert
 23459 | Lair:4   | Reached XP level 13. HP: 31/75 MP: 29/37
 24954 | Lair:5   | Found a staircase to the Snake Pit.
 27051 | Lair:6   | Found a staircase to the Shoals.
 27529 | Lair:8   | Entered Level 8 of the Lair of Beasts
 27536 | Lair:8   | HP: 2/76 [hippogriff (9)]
 27536 | Lair:8   | Slain by a hippogriff

Action                   |  1- 3 |  4- 6 |  7- 9 | 10-12 | 13-15 || total
-------------------------+-------+-------+-------+-------+-------++-------
Melee: Unarmed           |     4 |       |       |       |       ||     4
       Spear             |    12 |       |       |   106 |     2 ||   120
       Short sword       |       |    24 |   100 |       |       ||   124
       Dagger            |       |       |    33 |   137 |       ||   170
       Long sword        |       |       |       |    61 |    44 ||   105
       Staff             |       |       |       |     3 |     4 ||     7
 Cast: Magic Dart        |    87 |   110 |   390 |   405 |    71 ||  1063
       Call Imp          |     3 |     5 |       |       |       ||     8
       Conjure Flame     |     3 |     2 |    36 |   167 |    59 ||   267
       Mephitic Cloud    |       |    11 |    48 |    50 |     6 ||   115
       Blink             |       |     5 |    20 |    19 |     4 ||    48
       Repel Missiles    |       |     2 |       |     2 |       ||     4
       Summon Ice Beast  |       |       |       |    31 |     7 ||    38
       Sticky Flame      |       |       |       |    65 |    43 ||   108
       Summon Lightning  |       |       |       |    26 |     7 ||    33
       Regeneration      |       |       |       |       |     2 ||     2
       Shroud of Golubri |       |       |       |       |     2 ||     2
Invok: Channel Energy    |       |       |       |     8 |     5 ||    13
Evoke: Wand              |       |       |       |     2 |       ||     2
       Lamp of fire      |       |       |       |     1 |       ||     1
  Use: Scroll            |       |     1 |    15 |    12 |     7 ||    35
       Potion            |       |       |     1 |     4 |     1 ||     6
 Stab: Sleeping          |     2 |       |       |     4 |     1 ||     7
       Confused          |       |     1 |     7 |     9 |       ||    17
       Distracted        |       |       |       |     1 |       ||     1
  Eat: Chunk             |     6 |     6 |    20 |    34 |    13 ||    79
       Beef jerky        |       |       |       |     1 |       ||     1
       Fruit             |       |       |       |     2 |       ||     2
       Pizza             |       |       |       |     1 |       ||     1
